 Dungeon Crawl Stone Soup version 0.24-a0-586-g8e0e932a4c (webtiles) character file.

Game seed: 4007543197516882559, levelgen mode: deterministic

820 Mithandil the Conjurer (level 7, -1/60 HPs)
             Began as a Tengu Conjurer on Sept 8, 2019.
             Slain by Duvessa
             ... wielding a cursed -3 short sword
              (8 damage)
             ... on level 4 of the Dungeon.
             The game lasted 00:24:17 (4042 turns).

Mithandil the Conjurer (Tengu Conjurer)             Turns: 4042, Time: 00:24:17

Health: -1/60      AC: 23    Str: 10    XL:     7   Next: 95%
Magic:  5/14       EV:  2    Int: 15    God:
Gold:   300        SH:  0    Dex: 15    Spells: 0/14 levels left

rFire    . . .     SeeInvis .   a - +0 quarterstaff
rCold    . . .     Gourm    .   (shield currently unavailable)
rNeg     + + +     Faith    .   (armour currently unavailable)
rPois    +         Spirit   .   (helmet currently unavailable)
rElec    .         Reflect  .   (cloak currently unavailable)
rCorr    .         Harm     .   (gloves currently unavailable)
MR       .....     NoTele   +   (boots unavailable)
Stlth    ++........             (no amulet)
HPRegen  0.20/turn              (no ring)
MPRegen  0.14/turn              (no ring)

@: tree-form
A: able to fly
a: Stop Flying


You were on level 4 of the Dungeon.
You were not hungry.
You were a tree.
You visited 1 branch of the dungeon, and saw 5 of its levels.

You collected 300 gold pieces.

Inventory:

Hand Weapons
 a - a +0 quarterstaff (weapon)
 b - a +0 halberd
 r - a +0 trident
 t - a +0 scythe
Missiles
 d - 124 stones
 i - 64 sling bullets
 q - 15 bolts
 s - 6 boomerangs (quivered)
Armour
 j - a +0 ring mail (melded)
 m - a +0 pair of gloves (melded)
Magical Staves
 w - an uncursed staff of summoning
Scrolls
 f - a scroll of remove curse
 k - a scroll of fog {unknown}
 l - a scroll of amnesia
 n - 3 scrolls of identify
 o - a scroll of random uselessness {unknown}
 v - a scroll of enchant armour {unknown}
Potions
 e - a potion of resistance
 g - 2 potions of curing
 h - a potion of lignification
 u - a potion of agility
Comestibles
 c - 9 rations


   Skills:
 + Level 2.5 Fighting
 - Level 0.7(2.6) Polearms
 * Level 4.0(4.1) Staves
 + Level 3.7 Dodging
 + Level 3.5 Stealth
 * Level 4.1 Spellcasting
 * Level 7.5 Conjurations


You couldn't memorise any spells.
You knew the following spells:

 Your Spells              Type           Power        Failure   Level  Hunger
a - Magic Dart            Conj           ####         1%          1    None
b - Searing Ray           Conj           ####..       1%          2    ##.....
c - Force Lance           Conj/Tloc      ##......     36%         4    ####...
d - Iskenderun's Mystic   Conj           ####....     8%          4    ####...
s - Dazzling Spray        Conj/Hex       ##....       12%         3    ###....

Your spell library contained the following spells:

 Spells                   Type           Power        Failure   Level  Hunger
 Fulminant Prism          Conj/Hex       ##........   36%         4    ####...


Dungeon Overview and Level Annotations

Branches:
Dungeon (5/15)
 Temple: D:4-7

Altars:
The Shining One

Annotations:
D:4 Duvessa


Innate Abilities, Weirdness & Mutations

((You have a beak for a mouth.))
((You have claws for feet.))
You can fly continuously.


Message History

Something shouts wrathfully, "No!"
Your Staves skill increases to level 4!
You finish channeling your searing ray.
Something hits you but does no damage. Something hits you. Something hits you.
Casting: Searing Ray (safe; 3% risk of failure)
Confirm with . or Enter, or press ? or * to list all spells.
You can't see any susceptible monsters within range! (Use Z to cast anyway.)
You hit something but do no damage. You claw something! Something hits you!
Something hits you.
You closely miss something. Your kick misses something. Something hits you!
* * * LOW HITPOINT WARNING * * *
Something hits you.
* * * LOW HITPOINT WARNING * * *
You turn into a tree.
Your +0 pair of gloves melds into your body.
Your +0 ring mail melds into your body.
Your roots penetrate the ground.
Something hits you but does no damage.
You sock something! Something hits you!
You die...

#...
...........>
#..#
###......###
#.##
######..#
#..# #.#..
##.# #.###
#.# #.# #)#
#.# #{# #.#
#♣# #.# #)#
#.# #.# #.#
#.# #.###
#.######
#....
#......#
#..##
######.#
#..## #.#
#....
#.########.##


There were no monsters in sight!

Vanquished Creatures
  A phantom (D:4)
  An ogre (D:4)
  The ghost of P0WERM0DE the Skirmisher, an amateur GrFi (D:3)
  Dowan (D:4)
  A howler monkey (D:4)
  A crimson imp (D:3)
  3 orc priests
  A jelly (D:4)
  Jessica (D:2)
  A centaur skeleton (D:4)
  An orc wizard (D:4)
  3 worker ants (D:4)
  4 gnolls (D:3)
  6 adders
  A shadow imp (D:5)
  2 adder skeletons
  5 worms
  A dart slug (D:3)
  3 leopard geckos
  4 orcs
  A ball python (D:3)
  7 bats
  6 giant cockroaches
  A goblin (D:3)
  2 hobgoblins
  5 jackals
  2 quokkas
  3 frilled lizards
  4 kobolds
  8 rats
81 creatures vanquished.

Notes
Turn   | Place    | Note
-------+----------+-------------------------------------------
     0 | D:1      | Mithandil the Tengu Conjurer began the quest for the Orb.
     0 | D:1      | Reached XP level 1. HP: 10/10 MP: 4/4
   395 | D:1      | Reached XP level 2. HP: 15/15 MP: 1/6
   797 | D:2      | Learned a level 2 spell: Searing Ray
   844 | D:3      | Reached XP level 3. HP: 19/20 MP: 2/7
   895 | D:3      | Reached skill level 1 in Staves
   895 | D:3      | Reached XP level 4. HP: 23/24 MP: 0/8
   905 | D:4      | Noticed a phantom
  1087 | D:2      | Noticed Jessica
  1092 | D:2      | Killed Jessica
  1092 | D:2      | Reached skill level 1 in Fighting
  1092 | D:2      | Reached skill level 6 in Conjurations
  1370 | D:3      | Gained mutation: You can fly continuously. [Tengu growth]
  1370 | D:3      | Reached XP level 5. HP: 29/29 MP: 2/10
  1782 | D:3      | Found a glowing golden altar of the Shining One.
  2025 | D:3      | Reached XP level 6. HP: 31/34 MP: 6/11
  2138 | D:3      | Found a runed translucent door.
  2139 | D:3      | Noticed P0WERM0DE's ghost (amateur GrFi)
  2150 | D:3      | Killed P0WERM0DE's ghost
  2228 | D:3      | Found a runed translucent door.
  3051 | D:4      | Reached XP level 7. HP: 35/40 MP: 7/13
  3091 | D:4      | Learned a level 4 spell: Force Lance
  3096 | D:4      | Learned a level 4 spell: Iskenderun's Mystic Blast
  3107 | D:4      | Reached skill level 7 in Conjurations
  3192 | D:5      | Entered Level 5 of the Dungeon
  3603 | D:4      | Learned a level 3 spell: Dazzling Spray
  4022 | D:4      | Noticed Duvessa
  4022 | D:4      | Noticed Dowan
  4037 | D:4      | Killed Dowan
  4042 | D:4      | Slain by Duvessa

Levels and vault maps discovered:
D:1:      scummos_arrival_star, layout_loops_cross
D:2:      layout_loops_cross, uniq_jessica
D:3:      layout_loops_corners, nicolae_overflow_crystal_walls,
          ebering_ghost_sewer_f
D:4:      layout_loops_ring, nicolae_qazlal_general_emergency, first_ration,
          hangedman_minor_gate_pass, uniq_duvessa
D:5:      lemuel_upstairs_altar, layout_cave_pools, kennysheep_mini,
          old_standard_altar, minmay_temple_entry_steel_oval, uniq_grinder

Skill      XL: |  1  2  3  4  5  6  7 |
---------------+----------------------+-----
Staves         | 1 2 3 4 |  4.0
Fighting       | 1 2 |  2.5
Conjurations   | 6 7 |  7.5
Spellcasting   | 3 4 |  4.1
Dodging        | 3 |  3.7
Stealth        | 3 |  3.5
Polearms       | |  0.7

Action                   |  1- 3 |  4- 6 |  7- 9 || total
-------------------------+-------+-------+-------++-------
Melee: Spear             |    10 |       |       ||    10
       Kick              |     6 |     5 |     9 ||    20
       Peck              |     2 |     9 |     3 ||    14
       Quarterstaff      |    12 |    33 |    29 ||    74
 Cast: Magic Dart        |    15 |    82 |    44 ||   141
       Searing Ray       |     1 |     6 |     8 ||    15
 Abil: Fly               |       |       |     1 ||     1
  Use: Scroll            |     2 |     2 |     2 ||     6
       Potion            |     3 |     4 |     1 ||     8
 Stab: Sleeping          |     1 |       |       ||     1
  Eat: Chunk             |       |     7 |     4 ||    11
Armor: Ring mail         |     9 |    18 |    17 ||    44
       Leather armour    |     1 |       |       ||     1
       Skin              |       |       |     1 ||     1
Dodge: Dodged            |    10 |    33 |    22 ||    65

Table legend:
 A = Non-vault XP
 B = Vault XP
 C = Vault XP percentage of total XP
 D = Non-vault monster count
 E = Vault monster count
 F = Vault count percentage of total count
                 A         B        C        D         E       F
            +---------+---------+-------+---------+---------+-------
      Total |     929 |     243 |  20.7 |      75 |       6 |   7.4
            +---------+---------+-------+---------+---------+-------
        D:1 |       8 |       0 |   0.0 |       5 |       0 |   0.0
        D:2 |      35 |      37 |  51.4 |      12 |       1 |   7.7
        D:3 |     260 |     121 |  31.8 |      33 |       3 |   8.3
        D:4 |     604 |      85 |  12.3 |      20 |       2 |   9.1
        D:5 |      22 |       0 |   0.0 |       5 |       0 |   0.0
            +---------+---------+-------+---------+---------+-------
